 Dungeon Crawl Stone Soup version 0.24.0-123-gd5b16e6ec5 (webtiles) character file.

Game seed: 6118588561233995183, levelgen mode: deterministic

3350 hansdampf the Shield-Bearer (level 10, -6/76 HPs)
             Began as a Vine Stalker Fighter on Dec 17, 2019.
             Mangled by a two-headed ogre
             ... wielding a +0 giant spiked club
              (9 damage)
             ... on level 8 of the Dungeon on Dec 18, 2019.
             The game lasted 00:20:35 (6779 turns).

hansdampf the Shield-Bearer (Vine Stalker Fighter)  Turns: 6779, Time: 00:20:35

Health: -6/76      AC: 25    Str: 24    XL:     10   Next: 3%
Magic:  0/17       EV:  2    Int: 11    God:
Gold:   254        SH: 10    Dex: 14    Spells: 17/17 levels left

rFire    + . .     SeeInvis .   a - +3 trident
rCold    . . .     Gourm    .   c - +0 shield
rNeg     + + +     Faith    .   (armour currently unavailable)
rPois    +         Spirit   +   (helmet currently unavailable)
rElec    .         Reflect  .   (cloak currently unavailable)
rCorr    .         Harm     .   (gloves currently unavailable)
MR       +....     NoTele   +   (boots currently unavailable)
Stlth    +++.......             h - amulet of magic regeneration
HPRegen  0.62/turn              g - ring of protection from fire
MPRegen  0.40/turn              (no ring)

@: mighty, tree-form
A: regeneration 1, magic shield, no potion heal 3, rot immunity
a: no special abilities


You were on level 8 of the Dungeon.
You were hungry.
You were a tree.
You visited 2 branches of the dungeon, and saw 9 of its levels.

You collected 254 gold pieces.

Inventory:

Hand Weapons
 a - a +3 trident (weapon)
Missiles
 e - 240 stones
 v - 46 poisoned darts (quivered)
 x - 7 boomerangs
Armour
 b - a +1 scale mail (melded)
 c - a +0 shield (worn)
 m - a +0 helmet (melded)
 q - a +0 cloak (melded)
Jewellery
 g - a ring of protection from fire (left branch)
 h - an amulet of magic regeneration (around neck)
 A - a +6 ring of dexterity {unknown}
Wands
 w - a wand of iceblast (11)
 B - a wand of polymorph (6)
Scrolls
 j - a scroll of enchant weapon
 k - 3 scrolls of remove curse
 n - 4 scrolls of amnesia
 p - 3 scrolls of teleportation
 u - 2 scrolls of identify
 y - a scroll of magic mapping {unknown}
Potions
 d - a potion of might
 i - a potion of cancellation
 l - a potion of berserk rage {unknown}
 r - 2 potions of lignification
 s - a potion of degeneration {unknown}
 t - 3 potions of curing
 z - a potion of haste {unknown}
Comestibles
 f - 12 rations
 C - 2 chunks of flesh


   Skills:
 + Level 5.1 Fighting
 + Level 4.5 Polearms
 + Level 3.3 Throwing
 + Level 4.7 Armour
 + Level 3.6 Dodging
 - Level 5.0 Stealth
 + Level 5.2 Shields
 + Level 4.3 Spellcasting
 + Level 4.0 Evocations


You had 17 spell levels left.
You didn't know any spells.
Your spell library contained the following spells:

 Spells                   Type           Power        Failure   Level  Hunger
 Magic Dart               Conj           #...         63%         1    #......
 Searing Ray              Conj           #.....       77%         2    ##.....
 Dazzling Spray           Conj/Hex       #.....       94%         3    ###....
 Force Lance              Conj/Tloc      #.......     100%        4    #####..
 Fulminant Prism          Conj/Hex       #.........   100%        4    #####..
 Iskenderun's Mystic Bla  Conj           #.......     100%        4    #####..


Dungeon Overview and Level Annotations

Branches:
Dungeon (8/15)             Temple (1/1) D:7
   Lair: D:8-11

Altars:
Cheibriados
Dithmenos
Elyvilon
Fedhas
Gozag
Kikubaaqudgha
Nemelex Xobeh
Okawaru
Qazlal
Ru
Trog
Uskayaw
Vehumet
Wu Jian
Xom
Yredelemnul
Zin
The Shining One

Shops:
D:4 :   D:6 *

Annotations:
D:5 exclusion: oklob plant


Innate Abilities, Weirdness & Mutations

((You have razor-sharp teeth.))
Your natural rate of healing is unusually fast.
When hurt, damage is shared between your health and your magic reserves.
((Your bite disrupts and absorbs the magic of your enemies.))
Potions cannot restore your health.
You are immune to rotting.


Message History

The black bear claws your orc warrior but does no damage.
The black bear closely misses your orc warrior.
Your orc warrior hits the black bear with a +0 scimitar!!
Your shield prevents you from hitting the two-headed ogre.
The two-headed ogre is heavily wounded.
The bullfrog barely misses your orc warrior.
The leopard gecko zombie closely misses your orc warrior.
The black bear bites your orc warrior!
The black bear claws your orc warrior but does no damage. x2
The two-headed ogre hits you but does no damage. x2
The leopard gecko zombie closely misses your orc warrior.
Your orc warrior hits the black bear with a +0 scimitar!
The black bear dies!
Your orc warrior looks more experienced.
The bullfrog barely misses your orc warrior.
You impale the two-headed ogre!!
The two-headed ogre is almost dead.
The bullfrog closely misses your orc warrior.
The two-headed ogre hits you with a +0 giant spiked club!
You die...

##.._....#
#......#
.........#
#...##.##
.<.......#
#...##..#
......####
#######.#
####### ....
#.# ...###.##
...+....#
..###..#
#.#♣#.[###...
##'#O#.........
#..YoZ.........
#..F###........
#...# #....####
#...# #......
.....# ##'#...#
..##+## .#...#
P... .# ..#


You could see a two-headed ogre, a yak, a bullfrog, a leopard gecko zombie and a
friendly orc warrior.

Vanquished Creatures
  A yaktaur (shapeshifter) (D:7)
  Duvessa (D:4)
  2 water moccasins
  2 orc warriors (D:7)
  A porcupine (D:6)
  A black bear (D:7)
  2 ogres
  4 phantoms
  4 centaurs
  6 bullfrogs
  A gnoll sergeant (D:7)
  Dowan (D:4)
  4 killer bees
  A water moccasin skeleton (D:7)
  A crimson imp (D:7)
  2 quasits
  2 centaur zombies (D:6)
  3 hounds
  An orc priest (D:5)
  An iguana (D:3)
  5 orc wizards
  4 worker ants
  Robin (D:2)
  A worker ant zombie (D:8)
  7 gnolls
  4 adders
  2 shadow imps (D:7)
  An ooze (D:2)
  An adder skeleton (D:4)
  A worm (D:2)
  5 leopard geckos
  12 orcs
  3 giant cockroaches
  8 hobgoblins
  8 jackals
  2 quokkas
  2 ball pythons
  11 bats
  2 frilled lizards
  2 gnoll zombies (D:4)
  16 goblins
  8 kobolds
  A leopard gecko zombie (D:6)
  A quokka skeleton (D:6)
  A quokka zombie (D:5)
  5 rats
155 creatures vanquished.

Vanquished Creatures (collateral kills)
  A black bear (D:8)
1 creature vanquished.

Vanquished Creatures (others)
  A crocodile (D:8)
  A gnoll (D:7)
  2 fungi (D:8)
4 creatures vanquished.

Grand Total: 160 creatures vanquished

Notes
Turn   | Place    | Note
-------+----------+-------------------------------------------
     0 | D:1      | hansdampf the Vine Stalker Fighter began the quest for the
                  | Orb.
     0 | D:1      | Reached XP level 1. HP: 11/11 MP: 2/2
   148 | D:1      | Reached XP level 2. HP: 15/16 MP: 3/3
   194 | D:1      | Found a sparkling altar of Nemelex Xobeh.
   554 | D:1      | Reached XP level 3. HP: 19/19 MP: 4/4
   919 | D:2      | Reached skill level 1 in Stealth
   937 | D:2      | Noticed Robin
   954 | D:2      | Killed Robin
   954 | D:2      | Gained mutation: Your natural rate of healing is unusually
                  | fast. [Vine Stalker growth]
   954 | D:2      | Reached XP level 4. HP: 23/24 MP: 6/6
   974 | D:2      | Reached skill level 1 in Spellcasting
  1243 | D:1      | Reached skill level 1 in Dodging
  1516 | D:2      | Reached XP level 5. HP: 3/28 MP: 1/7
  2322 | D:3      | Found an ancient bone altar of Kikubaaqudgha.
  2438 | D:4      | Noticed Dowan
  2448 | D:3      | Reached skill level 1 in Evocations
  2448 | D:3      | Reached XP level 6. HP: 28/32 MP: 7/9
  2455 | D:4      | Noticed Duvessa
  2749 | D:4      | Noticed a phantom
  2797 | D:4      | Killed a phantom
  2836 | D:4      | Found Ruwosal's Book Shop.
  2943 | D:4      | Noticed a phantom
  3055 | D:3      | Killed a phantom
  3055 | D:3      | Reached XP level 7. HP: 36/36 MP: 11/11
  3162 | D:4      | Killed Duvessa
  3171 | D:4      | Killed Dowan
  3295 | D:4      | Found a basalt altar of Yredelemnul.
  3487 | D:5      | Entered Level 5 of the Dungeon
  3563 | D:5      | Reached skill level 1 in Throwing
  3769 | D:5      | Gained mutation: You have razor-sharp teeth. [Vine Stalker
                  | growth]
  3769 | D:5      | Reached XP level 8. HP: 40/42 MP: 12/12
  3797 | D:5      | Found a blossoming altar of Fedhas.
  3820 | D:5      | Noticed an oklob plant
  3965 | D:5      | Found a stormy altar of Qazlal.
  4485 | D:6      | Found a glowing golden altar of the Shining One.
  4487 | D:6      | Found a hide-covered altar of Uskayaw.
  4783 | D:6      | Found Kuke's Assorted Antiques.
  4976 | D:6      | Found a runed translucent door.
  4977 | D:6      | Noticed Crazy Yiuf
  5164 | D:6      | Noticed Crazy Yiuf
  5164 | D:6      | Crazy Yiuf changed into Crazy Yiuf the porcupine
  5176 | D:6      | Killed Crazy Yiuf the porcupine
  5176 | D:6      | Reached XP level 9. HP: 29/46 MP: 11/15
  5328 | D:7      | Found a staircase to the Ecumenical Temple.
  5395 | Temple   | Entered the Ecumenical Temple
  5829 | D:7      | Reached skill level 5 in Stealth
  6106 | D:7      | Noticed a yaktaur
  6106 | D:7      | a shapeshifter changed into a yaktaur
  6114 | D:7      | Killed a yaktaur
  6137 | D:7      | Reached skill level 5 in Fighting
  6137 | D:7      | Reached skill level 5 in Shields
  6615 | D:8      | Noticed a two-headed ogre
  6653 | D:8      | Found a shimmering altar of Xom.
  6762 | D:8      | Reached XP level 10. HP: 51/51 MP: 17/17
  6776 | D:8      | HP: 2/51 [two-headed ogre/+0 giant spiked club (20)]
  6779 | D:8      | Mangled by a two-headed ogre

Levels and vault maps discovered:
D:1:      psy_arrival_fountain, layout_loops_corners,
          nemelex_xobeh_ov_fountains_minmay
D:2:      layout_rooms, uniq_robin
D:3:      layout_basic, lemuel_round_altar, first_ration
D:4:      layout_gridville, lemuel_zombie_altar_yredelemnul, serial_shops,
          kennysheep_mini_moat, skrybe_limestone_x, hex_tiny, uniq_duvessa
D:5:      layout_loops_ring, tgw_fedhas, basic_altar
D:6:      layout_rooms, nicolae_overflow_hidden_temple, kennysheep_mini,
          serial_shops, shop, grunt_decor_arrowhead, uniq_crazy_yiuf_cottage
D:7:      minmay_s_stair_smasher, layout_cave_pools, temple_pool_b,
          grunt_decor_mini_mirrors
D:8:      kennysheep_housing_project, layout_basic, grunt_temple_overflow_open,
          grunt_lair_entry_orc_guard_hut, basic_altar, uniq_grum, uniq_maurice
Temple:   minmay_temple_forest_path

Skill      XL: |  1  2  3  4  5  6  7  8  9 |
---------------+----------------------------+-----
Shields        | 3 4 5 |  5.2
Polearms       | 2 3 4 |  4.5
Stealth        | 1 2 3 4 5 |  5.0
Fighting       | 3 4 5 |  5.1
Spellcasting   | 1 2 3 4 |  4.3
Dodging        | 1 2 3 |  3.6
Armour         | 3 4 |  4.7
Evocations     | 1 2 4 |  4.0
Throwing       | 1 2 3 |  3.3

Action                   |  1- 3 |  4- 6 |  7- 9 | 10-12 || total
-------------------------+-------+-------+-------+-------++-------
Melee: Trident           |   120 |   246 |   369 |    10 ||   745
       Bite              |    26 |    67 |    99 |     1 ||   193
Throw: Stone             |     3 |    15 |       |       ||    18
       Dart              |       |       |    45 |       ||    45
Evoke: Wand              |       |       |     6 |     2 ||     8
  Use: Scroll            |     3 |       |    13 |       ||    16
       Potion            |       |       |       |     2 ||     2
 Stab: Sleeping          |       |       |     3 |       ||     3
  Eat: Chunk             |       |     6 |    10 |       ||    16
       Ration            |       |       |     1 |       ||     1
Armor: Scale mail        |    44 |    90 |   141 |     2 ||   277
       Skin              |       |       |       |     2 ||     2
Dodge: Dodged            |    32 |    59 |   135 |     2 ||   228
Block: Shield            |    46 |   100 |   195 |     2 ||   343
